 Dungeon Crawl Stone Soup version 0.28-a0-479-g5baa6b73be (webtiles) character file.

Game seed: 11034751330078742451

8748 knvknkls the Geomancer (level 11, -5/96 HPs)
             Began as a Gargoyle Earth Elementalist on Sept 18, 2021.
             Was a Priest of Vehumet.
             Slain by a gargoyle (14 damage)
             ... on level 10 of the Dungeon.
             The game lasted 00:27:19 (12230 turns).

knvknkls the Geomancer (GrEE)                      Turns: 12230, Time: 00:27:20

Health: -5/96      AC: 20    Str: 18    XL:     11   Next: 35%
Magic:  4/22       EV: 13    Int: 22    God:    Vehumet [***...]
Gold:   681        SH:  0    Dex: 10    Spells: 20/24 levels left

rFire   . . .      SeeInvis .   l - +0 dagger (elec)
rCold   . . .      Faith    .   (no shield)
rNeg    + . .      Spirit   .   J - +0 steam dragon scales
rPois   ∞          Reflect  .   u - +2 helmet
rElec   +          Harm     .   j - +0 cloak
rCorr   .          Rampage  .   x - +0 pair of gloves
Will    .....                   (no boots)
Stlth   ..........              C - amulet of Wu Jian's Condemnation {RegenMP Int+3}
HPRegen 0.26/turn               m - ring of wizardry
MPRegen 0.43/turn               b - +6 ring of strength

@: berserking, studying Armour, very quick
A: sickness immunity, AC +8, negative energy resistance 1, electricity
resistance, torment resistance 1, petrification resistance
a: Renounce Religion


You were on level 10 of the Dungeon.
You worshipped Vehumet.
Vehumet was most pleased with you.
You visited 2 branches of the dungeon, and saw 11 of its levels.

You collected 681 gold pieces.

Inventory:

Hand Weapons
 a - a +0 dagger of venom
 l - a +0 dagger of electrocution (weapon)
 n - a +0 flail
 o - a +1 vorpal flail
 A - a +0 great mace
 G - a +2 short sword of venom
Missiles
 c - 134 stones
 y - 2 throwing nets
Armour
 j - a +0 cloak (worn)
 u - a +2 helmet (worn)
 x - a +0 pair of gloves (worn)
 z - the +1 robe of Watchfulness {rF+}
   (You found it on level 7 of the Dungeon)

   rF:        It protects you from fire.
 J - +0 steam dragon scales (worn)
Jewellery
 b - a +6 ring of strength (right hand)
 d - a ring of willpower
 m - a ring of wizardry (left hand)
 r - a ring of resist corrosion
 B - a +6 ring of dexterity
 C - the amulet of Wu Jian's Condemnation (around neck) {RegenMP Int+3}
   (You found it on level 7 of the Dungeon)

   [amulet of magic regeneration]

   It increases your rate of magic regeneration.
   Int:       It affects your intelligence (+3).
Wands
 q - a wand of polymorph (5)
 t - a wand of iceblast (22)
 v - a wand of digging (7)
Scrolls
 e - a scroll of immolation
 k - 7 scrolls of identify
 p - 2 scrolls of amnesia
 D - a scroll of teleportation
 H - a scroll of magic mapping
Potions
 f - 3 potions of lignification
 g - a potion of attraction
 i - 2 potions of flight
 s - 2 potions of brilliance
 w - a potion of curing
 E - 2 potions of ambrosia
 F - 2 potions of haste
 I - 2 potions of might


   Skills:
 + Level 5.3 Fighting
 + Level 4.8 Maces & Flails
 - Level 6.0 Armour
 + Level 4.4 Dodging
 - Level 2.1 Stealth
 + Level 7.4 Spellcasting
 + Level 8.2 Conjurations
 - Level 0.7 Transmutations
 + Level 10.1 Earth Magic
 + Level 4.4 Evocations


You had 20 spell levels left.
You knew the following spells:

 Your Spells              Type           Power      Damage    Failure   Level
a - Sandblast             Erth           100%       2d20      1%          1
b - Stone Arrow           Conj/Erth      96%        3d13      1%          3

Your spell library contained the following spells:

 Spells                   Type           Power      Damage    Failure   Level
 Frozen Ramparts          Ice            16%        1d3       3%          3
 Foxfire                  Conj/Fire      100%       2x1d9     1%          1
 Magic Dart               Conj           100%       1d8       1%          1
 Passwall                 Tmut/Erth      25%        N/A       1%          2
 Searing Ray              Conj           88%        2d7       1%          2
 Conjure Flame            Conj/Fire      26%        6-21      1%          3
 Flame Wave               Conj/Fire      26%        3d6       1%          4
 Fulminant Prism          Conj/Hex       13%        3d9       1%          4
 Inner Flame              Hex/Fire       8%         N/A       3%          3
 Petrify                  Tmut/Erth      31%        N/A       3%          4
 Swiftness                Air            8%         N/A       10%         3
 Invisibility             Hex            4%         N/A       99%         6


Dungeon Overview and Level Annotations

Branches:
Dungeon (10/15)            Temple (1/1) D:4
   Lair: D:8-11         Orc: D:9-12

Altars:
Ashenzari
Cheibriados
Dithmenos
Elyvilon
Fedhas
Gozag
Hepliaklqana
Kikubaaqudgha
Makhleb
Nemelex Xobeh
Okawaru
Qazlal
Ru
Sif Muna
Trog
Uskayaw
Vehumet
Wu Jian
Xom
Yredelemnul
Zin
The Shining One

Annotations:
D:10 1 runed translucent door, yegreS's ghost, novice MiFi


Innate Abilities, Weirdness & Mutations

You are immune to sickness and miasma.
Your stone body is resilient. (AC +8)
You are immune to poison.
You resist negative energy. (rN+)
You are resistant to electric shocks. (rElec)
You are resistant to unholy torment.
You are immune to petrification.


Message History

Aiming: Sandblast (safe; 1% risk of failure)
Press: ? - help, Shift-Dir - straight line, f/p - gargoyle
Aim: a gargoyle, wielding a +0 mace (severely damaged, 92% to hit)
The blast of sand hits the gargoyle but does no damage.
The gargoyle is severely damaged.
The gargoyle hits you with a +0 mace.
* * * LOW HITPOINT WARNING * * *
A red film seems to cover your vision as you go berserk!
You feel yourself moving faster!
You feel mighty!
The gargoyle hurls a stone arrow at you.
The stone arrow misses you.
You hit the gargoyle but do no damage.
The gargoyle is severely damaged.
The gargoyle hurls a stone arrow at you.
The stone arrow hits you.
* * * LOW HITPOINT WARNING * * *
You hit the gargoyle but do no damage.
The gargoyle is severely damaged.
The gargoyle hits you but does no damage.
You hit the gargoyle but do no damage.
The gargoyle is severely damaged.
You closely miss the gargoyle.
The gargoyle is severely damaged.
The gargoyle hits you with a +0 mace!
* * * LOW HITPOINT WARNING * * *
You hit the gargoyle but do no damage.
The gargoyle is severely damaged.
You hit the gargoyle.
The gargoyle is almost destroyed.
The gargoyle closely misses you.
You hit the gargoyle but do no damage.
The gargoyle is almost destroyed.
The gargoyle hurls a stone arrow at you.
The stone arrow misses you.
You hit the gargoyle but do no damage.
The gargoyle is almost destroyed.
You hit the gargoyle but do no damage.
The gargoyle is almost destroyed.
The gargoyle hits you with a +0 mace!
You die...

....)............).#.# #.........
.....................# #.......#
..#.....#.....#......###.......##
#.#.###.#.###.#.###...#.........#
..#.. ..#.....#.^............<..#
. ...#.....#.....#...............
.###.#.###.#.###.#.###.....##.>..
.#. .#....†#..(......##..#. ...
#.....#.@9..#......###...
#.###)#.###.#9###...##... #
..#.....#[.......#.##
#.....#.....#...†...#
#.###.#.###.#.###...# #. .# .#.
...# .. .. ... ...# .. ... ..##
### .... .##


You could see a gargoyle.

Vanquished Creatures
  A manticore (D:10)
  6 centaur zombies
  A freezing wraith (D:10)
  Grinder (D:5)
  2 trolls (D:10)
  A shadow (D:10)
  A wyvern (D:10)
  A basilisk (D:8)
  9 yaks
  A vampire mosquito (D:10)
  3 steam dragons
  Edmund (D:4)
  A water moccasin (D:8)
  An acid dragon (D:10)
  A black bear (D:8)
  2 sky beasts
  An ice beast (D:8)
  2 orc warriors
  3 necrophages
  3 ogres
  6 centaurs
  2 phantoms (D:6)
  A kobold brigand (D:9)
  A bullfrog (D:7)
  2 gnoll sergeants
  2 scorpions (D:7)
  2 wyvern skeletons (D:7)
  25 killer bees
  An electric eel (D:9)
  A howler monkey (D:6)
  2 hounds
  3 orc priests
  A jelly (D:6)
  A bullfrog skeleton (D:6)
  A centaur skeleton (D:6)
  6 orc wizards
  A scorpion zombie (D:5)
  A killer bee zombie (D:7)
  A hound zombie (D:5)
  2 howler monkey zombies
  7 gnolls
  10 adders
  A shadow imp (D:7)
  An ufetubus (D:5)
  4 worms
  2 dart slugs
  25 orcs
  7 bats
  8 endoplasms
  A giant cockroach (D:2)
  6 goblins
  10 hobgoblins
  9 jackals
  2 quokkas
  8 ball pythons
  3 frilled lizards
  13 kobolds
  7 rats
228 creatures vanquished.

Vanquished Creatures (others)
  A sky beast (D:10)
  A plant (D:10)
2 creatures vanquished.

Grand Total: 230 creatures vanquished

Notes
Turn   | Place    | Note
-------+----------+-------------------------------------------
     0 | D:1      | knvknkls the Gargoyle Earth Elementalist began the quest
                  | for the Orb.
     0 | D:1      | Reached XP level 1. HP: 10/10 MP: 3/3
   152 | D:1      | Reached XP level 2. HP: 15/15 MP: 5/5
   164 | D:1      | Reached skill level 4 in Earth Magic
   576 | D:1      | Found a faded altar of an unknown god.
   591 | D:1      | Reached XP level 3. HP: 17/19 MP: 4/6
   595 | D:1      | Learned a level 3 spell: Stone Arrow
  1464 | D:2      | Reached skill level 1 in Conjurations
  1465 | D:2      | Reached XP level 4. HP: 18/24 MP: 5/8
  1617 | D:2      | Found a blossoming altar of Fedhas.
  2427 | D:2      | Reached skill level 5 in Earth Magic
  2427 | D:2      | Reached XP level 5. HP: 16/28 MP: 9/9
  3285 | D:3      | Found a white marble altar of Elyvilon.
  3742 | D:4      | Noticed Edmund
  3908 | D:4      | Killed Edmund
  3909 | D:4      | Reached XP level 6. HP: 20/32 MP: 0/12
  4041 | D:4      | Reached skill level 6 in Earth Magic
  4195 | D:4      | Found a shimmering altar of Xom.
  4199 | D:4      | Found a shimmering altar of Xom.
  4199 | D:4      | Found a shimmering altar of Xom.
  4202 | D:4      | Found a shimmering altar of Xom.
  4285 | D:4      | Reached XP level 7. HP: 36/36 MP: 6/13
  4344 | D:4      | Found a staircase to the Ecumenical Temple.
  4386 | Temple   | Entered the Ecumenical Temple
  4639 | Temple   | Became a worshipper of Vehumet
  4855 | D:5      | Entered Level 5 of the Dungeon
  5418 | D:5      | Reached skill level 7 in Earth Magic
  5530 | D:5      | Reached skill level 5 in Spellcasting
  5782 | D:5      | Reached skill level 5 in Conjurations
  5782 | D:5      | Reached XP level 8. HP: 41/41 MP: 15/15
  5832 | D:5      | Noticed Grinder
  5836 | D:5      | Killed Grinder
  6364 | D:6      | Reached skill level 8 in Earth Magic
  6494 | D:6      | Found a burning altar of Makhleb.
  6494 | D:6      | Noticed a balrug
  6498 | D:6      | Noticed a hellwing
  6498 | D:6      | Noticed a hellwing
  6546 | D:6      | Reached skill level 1 in Fighting
  6546 | D:6      | Reached skill level 1 in Armour
  6682 | D:6      | Reached * piety under Vehumet
  6682 | D:6      | Offered knowledge of Foxfire by Vehumet.
  6683 | D:6      | Reached skill level 1 in Maces & Flails
  6710 | D:6      | Reached skill level 1 in Evocations
  6892 | D:6      | Reached XP level 9. HP: 48/48 MP: 13/17
  7322 | D:7      | Identified the +1 robe of Watchfulness {rF+}
  7548 | D:7      | Identified the amulet of Wu Jian's Condemnation {RegenMP
                  | Int+3}
  7568 | D:7      | Found a blossoming altar of Fedhas.
  8251 | D:7      | Identified the +9 ring mail of Infinity {Harm rF+ Will+
                  | Int+4}
  8712 | D:8      | Reached skill level 9 in Earth Magic
  8897 | D:8      | Reached XP level 10. HP: 40/56 MP: 19/19
 10132 | D:9      | Offered knowledge of Static Discharge by Vehumet.
 10154 | D:9      | Reached ** piety under Vehumet
 10957 | D:9      | Reached skill level 5 in Armour
 11031 | D:10     | Entered Level 10 of the Dungeon
 11174 | D:10     | Noticed a gargoyle
 11398 | D:10     | Reached XP level 11. HP: 38/62 MP: 9/21
 11490 | D:10     | Offered knowledge of Frozen Ramparts by Vehumet.
 11722 | D:10     | Reached skill level 5 in Fighting
 11806 | D:10     | Noticed yegreS's ghost (novice MiFi)
 11830 | D:10     | Found a runed translucent door.
 12024 | D:10     | Reached *** piety under Vehumet
 12026 | D:10     | Noticed a manticore
 12040 | D:10     | Killed a manticore
 12041 | D:10     | Reached skill level 10 in Earth Magic
 12230 | D:10     | Slain by a gargoyle

Illustrated notes

Levels and vault maps discovered:
D:1:      kennysheep_arrival_seaside, layout_rooms,
          hellmonk_ecumenical_altar_blasted
D:2:      layout_basic, basic_altar, minmay_tromino_i4
D:3:      layout_basic, nicolae_elyvilon_peaceful_grove
D:4:      layout_rooms, xom_redecorated, minmay_temple_entry_glassed_door,
          uniq_edmund
D:5:      minmay_chambers_of_fours, layout_gridville, serial_rivers,
          chequers_serial_rivers_room_b, chequers_serial_rivers_micro_e,
          chequers_serial_rivers_room_b, chequers_serial_rivers_small_a,
          roderic_malta_cross, uniq_grinder
D:6:      layout_rooms, makhleb_altar_promises_db, wad_floor_pattern_untrapped,
          minmay_crystal_water
D:7:      layout_loops_ring, fedhas_altar_fruit_tree, kennysheep_generic_room_13
D:8:      black_bear_nest_1, layout_loops_ring, minmay_manual_mess
D:9:      layout_long_grid, nrook_uturn, minmay_misc_feat_columns,
          nrook_pool_corridor
D:10:     hangedman_cross_stitches, layout_basic, hellmonk_ghost_big_iron,
          hangedman_misty_isle
Temple:   hc_temple_tempest_star

Skill      XL: |  1  2  3  4  5  6  7  8  9 10 11 |
---------------+----------------------------------+-----
Earth Magic    | 4 5 6 7 8 9 10 | 10.1
Conjurations   | 1 2 3 4 5 6 7 8 |  8.2
Spellcasting   | 3 4 5 6 7 |  7.4
Fighting       | 1 3 4 5 |  5.3
Armour         | 1 3 5 6 |  6.0
Maces & Flails | 1 3 4 |  4.8
Dodging        | 2 3 4 |  4.4
Evocations     | 1 2 4 |  4.4
Stealth        | |  2.1
Transmutations | |  0.7

Action                   |  1- 3 |  4- 6 |  7- 9 | 10-12 || total
-------------------------+-------+-------+-------+-------++-------
Melee: Short sword       |    59 |       |       |       ||    59
       Dagger            |    16 |   167 |   290 |   334 ||   807
 Cast: Sandblast         |    13 |    11 |    28 |    49 ||   101
       Stone Arrow       |       |    11 |    11 |    60 ||    82
Evoke: Wand              |       |       |       |     6 ||     6
  Use: Scroll            |     6 |     3 |     8 |     6 ||    23
       Potion            |     1 |       |       |     4 ||     5
 Stab: Sleeping          |     4 |     4 |     1 |       ||     9
Armor: Robe              |    27 |    97 |    25 |       ||   149
       Leather armour    |       |       |   155 |    28 ||   183
       Steam dragon scal |       |       |       |   253 ||   253
Dodge: Dodged            |    49 |   130 |   196 |   355 ||   730

Table legend: (Time is in decaauts)
 A = Elapsed time spent in this place.
 B = Non-inter-level travel time spent in this place.
 C = Inter-level travel time spent in this place.
 D = Time resting spent in this place.
 E = Time spent auto-exploring this place.
 F = Levels seen in this place.
 G = Mean time per level.
                   A        B        C        D        E       F      G
               +--------+--------+--------+--------+--------+-----+--------+
         Total |  12250 |  11968 |    282 |    753 |   9002 |  11 | 1113.6 |
       Dungeon |  11966 |  11711 |    255 |    753 |   8768 |  10 | 1196.6 |
        Temple |    283 |    256 |     27 |      0 |    234 |   1 |  283.0 |
               +--------+--------+--------+--------+--------+-----+--------+

Top non-repeatable levels by time:
     D:2: 1819 daAuts
     D:9: 1703 daAuts
     D:5: 1510 daAuts
     D:8: 1387 daAuts
     D:7: 1321 daAuts
     D:1: 1023 daAuts
     D:4: 870 daAuts
     D:3: 866 daAuts
    D:10: 755 daAuts
     D:6: 707 daAuts
  Temple: 283 daAuts
